PCL
MILE HIGH BRONCOS @ TEXARKANA BEARS
09/16/2028
 
TOP OF THE 1ST
Mile High Broncos batting - Pitching for Texarkana Bears : LHP Juan Barrera
Pitching: LHP Juan Barrera
Batting: LHB Jesús González 0-0: Ball
1-0: Ball
2-0: Ball
3-0: Base on Balls
Batting: RHB Evan Robinson 0-0: Swinging Strike
0-1: Foul Ball, location: 2F
0-2: Ball
1-2: Ball
2-2: Ball
3-2: SINGLE (Line Drive, 78M)
Jesús González to second
Jesús González to third
Batting: LHB Mark Everett 0-0: Called Strike
0-1: Ball
1-1: Ball
2-1: Swinging Strike
2-2: Grounds into double play, 6-4-3 (Groundball, 6)
Jesús González scores
Batting: RHB Rodney González 0-0: Called Strike
0-1: Ball
1-1: Called Strike
1-2: Strikes out swinging
Top of the 1st over - 1 run(s), 1 hit(s), 0 error(s), 0 left on base; Mile High 1 - Texarkana 0
BOTTOM OF THE 1ST
Texarkana Bears batting - Pitching for Mile High Broncos : LHP Juan Garza
Pitching: LHP Juan Garza
Batting: LHB Guy Moss 0-0: Ball
1-0: Called Strike
1-1: Ground out 4-3 (Groundball, 34)
Batting: RHB Tony Reyes 0-0: Ball
1-0: Foul Ball, location: 2F
1-1: Foul Ball, location: 2F
1-2: Strikes out swinging
Batting: RHB Billy Campbell 0-0: Called Strike
0-1: Foul Ball, location: 2F
0-2: Foul Ball, location: 2F
0-2: Ball
1-2: Strikes out swinging
Bottom of the 1st over - 0 run(s), 0 hit(s), 0 error(s), 0 left on base; Mile High 1 - Texarkana 0
TOP OF THE 2ND
Mile High Broncos batting - Pitching for Texarkana Bears : LHP Juan Barrera
Batting: SHB Tom Stevens 0-0: Ball
1-0: Foul Ball, location: 2F
1-1: Foul Ball, location: 2F
1-2: Strikes out swinging
Batting: RHB Su-kweon Yu 0-0: Foul Ball, location: 2F
0-1: Foul Ball, location: 2F
0-2: Ball
1-2: Fly out, F8 (Flyball, 8LD)
Batting: SHB Pedro Martínez 0-0: Called Strike
0-1: Called Strike
0-2: Foul Ball, location: 2F
0-2: Foul Ball, location: 2F
0-2: Ball
1-2: Ball
2-2: Strikes out looking
Top of the 2nd over - 0 run(s), 0 hit(s), 0 error(s), 0 left on base; Mile High 1 - Texarkana 0
BOTTOM OF THE 2ND
Texarkana Bears batting - Pitching for Mile High Broncos : LHP Juan Garza
Batting: RHB Michael Barraclough 0-0: Called Strike
0-1: Foul Ball, location: 2F
0-2: Strikes out swinging
Batting: LHB Sam Barnes 0-0: Ball
1-0: Ball
2-0: Ball
3-0: Base on Balls
Batting: LHB Tom Mullins 0-0: Ball
1-0: Ground out 6-3 (Groundball, 6S)
Sam Barnes to second
Batting: RHB Arturo Rodríguez 0-0: Ball
1-0: Ball
2-0: Called Strike
2-1: Ball
3-1: Foul Ball, location: 2F
3-2: Base on Balls
Batting: RHB Steve Garneys 0-0: Ball
1-0: Reached on error, E4 (Line Drive, 4M)
Sam Barnes to third
Arturo Rodríguez to second
Batting: RHB Kun Liu 0-0: Ball
1-0: Called Strike
1-1: Ball
2-1: Foul Ball, location: 2F
2-2: Strikes out swinging
Bottom of the 2nd over - 0 run(s), 0 hit(s), 1 error(s), 3 left on base; Mile High 1 - Texarkana 0
TOP OF THE 3RD
Mile High Broncos batting - Pitching for Texarkana Bears : LHP Juan Barrera
Batting: SHB Paco Martínez 0-0: Fly out, F6 (Popup, 6D)
Batting: RHB José Darias 0-0: Foul Ball, location: 2F
0-1: Ground out 5-3 (Groundball, 5)
Batting: LHB Jesús González 0-0: Fly out, F9 (Line Drive, 9LM)
Top of the 3rd over - 0 run(s), 0 hit(s), 0 error(s), 0 left on base; Mile High 1 - Texarkana 0
BOTTOM OF THE 3RD
Texarkana Bears batting - Pitching for Mile High Broncos : LHP Juan Garza
Batting: LHB Guy Moss 0-0: Ball
1-0: Ball
2-0: Ball
3-0: Called Strike
3-1: Fly out, F7 (Line Drive, 78S)
Batting: RHB Tony Reyes 0-0: Ball
1-0: Ball
2-0: Called Strike
2-1: Ball
3-1: Base on Balls
Batting: RHB Billy Campbell 0-0: Ball
1-0: Ball
2-0: Foul Ball, location: 2F
2-1: Grounds into double play, 4-6-3 (Groundball, 4)
Bottom of the 3rd over - 0 run(s), 0 hit(s), 0 error(s), 0 left on base; Mile High 1 - Texarkana 0
TOP OF THE 4TH
Mile High Broncos batting - Pitching for Texarkana Bears : LHP Juan Barrera
Batting: RHB Evan Robinson 0-0: Called Strike
0-1: Ball
1-1: Ball
2-1: Called Strike
2-2: Ball
3-2: Ground out 6-3 (Groundball, 6)
Batting: LHB Mark Everett 0-0: Ball
1-0: Called Strike
1-1: Foul Ball, location: 2F
1-2: Foul Ball, location: 2F
1-2: Ground out 6-3 (Groundball, 6S)
Batting: RHB Rodney González 0-0: Ball
1-0: Called Strike
1-1: Foul Ball, location: 2F
1-2: Ball
2-2: Ground out 5-3 (Groundball, 56)
Top of the 4th over - 0 run(s), 0 hit(s), 0 error(s), 0 left on base; Mile High 1 - Texarkana 0
BOTTOM OF THE 4TH
Texarkana Bears batting - Pitching for Mile High Broncos : LHP Juan Garza
Batting: RHB Michael Barraclough 0-0: DOUBLE (Groundball, 5L)
Batting: LHB Sam Barnes 0-0: Fly out, F4 (Line Drive, 4)
Batting: LHB Tom Mullins 0-0: Ball
1-0: Ball
2-0: Ball
3-0: Called Strike
3-1: Ground out 6-3 (Groundball, 6)
Batting: RHB Arturo Rodríguez 0-0: Called Strike
0-1: Fly out, F9 (Flyball, 9LSF)
Bottom of the 4th over - 0 run(s), 1 hit(s), 0 error(s), 1 left on base; Mile High 1 - Texarkana 0
TOP OF THE 5TH
Mile High Broncos batting - Pitching for Texarkana Bears : LHP Juan Barrera
Batting: SHB Tom Stevens 0-0: Ball
1-0: Ball
2-0: Ground out 1-3 (Groundball, P)
Batting: RHB Su-kweon Yu 0-0: Ball
1-0: SINGLE (Flyball, 7LM)
Batting: SHB Pedro Martínez 0-0: Ball
1-0: Swinging Strike
1-1: Swinging Strike
1-2: Strikes out swinging
Batting: SHB Paco Martínez 0-0: Ball
1-0: SINGLE (Groundball, 34S) (infield hit)
Su-kweon Yu to second
Batting: RHB José Darias 0-0: Foul Ball, location: 2F
0-1: Swinging Strike
0-2: Ball
1-2: Strikes out swinging
Top of the 5th over - 0 run(s), 2 hit(s), 0 error(s), 2 left on base; Mile High 1 - Texarkana 0
BOTTOM OF THE 5TH
Texarkana Bears batting - Pitching for Mile High Broncos : LHP Juan Garza
Batting: RHB Steve Garneys 0-0: Called Strike
0-1: Ball
1-1: Foul Ball, location: 2F
1-2: SINGLE (Flyball, 7S)
Batting: RHB Kun Liu 0-0: Called Strike
0-1: Ball
1-1: Ball
2-1: Ball
3-1: Grounds into double play, 6-4-3 (Groundball, 6M)
Batting: LHB Guy Moss 0-0: Ball
1-0: Called Strike
1-1: Foul Ball, location: 2F
1-2: Ground out 4-3 (Groundball, 34)
Bottom of the 5th over - 0 run(s), 1 hit(s), 0 error(s), 0 left on base; Mile High 1 - Texarkana 0
TOP OF THE 6TH
Mile High Broncos batting - Pitching for Texarkana Bears : LHP Juan Barrera
Batting: LHB Jesús González 0-0: Ground out U3 (Groundball, 3L)
Batting: RHB Evan Robinson 0-0: Called Strike
0-1: Called Strike
0-2: Foul Ball, location: 2F
0-2: Ball
1-2: Ground out 6-3 (Groundball, 6)
Batting: LHB Mark Everett 0-0: Ground out 4-3 (Groundball, 4)
Top of the 6th over - 0 run(s), 0 hit(s), 0 error(s), 0 left on base; Mile High 1 - Texarkana 0
BOTTOM OF THE 6TH
Texarkana Bears batting - Pitching for Mile High Broncos : LHP Juan Garza
Batting: RHB Tony Reyes 0-0: Ball
1-0: Ground out 6-3 (Groundball, 6)
Batting: RHB Billy Campbell 0-0: Foul Ball, location: 2F
0-1: Foul Ball, location: 2F
0-2: Ball
1-2: Ball
2-2: SINGLE (Groundball, 6MD)
Batting: RHB Michael Barraclough 0-0: Called Strike
0-1: Called Strike
0-2: Ball
1-2: Ball
2-2: Ball
3-2: Base on Balls
Billy Campbell to second
Batting: LHB Sam Barnes 0-0: Ball
1-0: Ball
2-0: Ball
3-0: Base on Balls
Billy Campbell to third
Michael Barraclough to second
Batting: LHB Tom Mullins 0-0: Called Strike
0-1: Ball
1-1: Swinging Strike
1-2: Ball
2-2: Strikes out swinging
Batting: RHB Arturo Rodríguez 0-0: Hit by Pitch
Billy Campbell scores
Michael Barraclough to third
Sam Barnes to second
Pitching: LHP Jorge García
Batting: RHB Steve Garneys 0-0: Ball
1-0: Fly out, F6 (Line Drive, 6)
Bottom of the 6th over - 1 run(s), 1 hit(s), 0 error(s), 3 left on base; Mile High 1 - Texarkana 1
TOP OF THE 7TH
Mile High Broncos batting - Pitching for Texarkana Bears : LHP Juan Barrera
Batting: RHB Rodney González 0-0: Ball
1-0: Ball
2-0: SINGLE (Line Drive, 89S)
Batting: SHB Tom Stevens 0-0: Called Strike
0-1: Foul Ball, location: 2F
0-2: Ball
1-2: Foul Ball, location: 2F
1-2: Strikes out swinging
Batting: RHB Su-kweon Yu 0-0: Called Strike
0-1: Fly out, F9 (Flyball, 9S)
Pinch Hitting: RHB Edward Williams 0-0: Called Strike
0-1: Fielders Choice at 2nd, 6-4 (Groundball, 6)
Top of the 7th over - 0 run(s), 1 hit(s), 0 error(s), 0 left on base; Mile High 1 - Texarkana 1
BOTTOM OF THE 7TH
Texarkana Bears batting - Pitching for Mile High Broncos : LHP Jorge García
Now in RF: Edward Williams
Pinch Hitting: RHB Gilberto López 0-0: Foul Ball, location: 2F
0-1: Ball
1-1: Foul Ball, location: 2F
1-2: Ball
2-2: Ground out 6-3 (Groundball, 6)
Batting: LHB Guy Moss 0-0: Foul Ball, location: 2F
0-1: Ground out 4-3 (Groundball, 4)
Batting: RHB Tony Reyes 0-0: Ball
1-0: Ball
2-0: Ball
3-0: Base on Balls
Batting: RHB Billy Campbell 0-0: Ball
1-0: Ball
2-0: 2-RUN HOME RUN (Flyball, 7D), Distance : 411 ft
Batting: RHB Michael Barraclough 0-0: Called Strike
0-1: Ground out 5-3 (Groundball, 56)
Bottom of the 7th over - 2 run(s), 1 hit(s), 0 error(s), 0 left on base; Mile High 1 - Texarkana 3
TOP OF THE 8TH
Mile High Broncos batting - Pitching for Texarkana Bears : LHP Juan Barrera
Now at 2B: Cam Flowers
Batting: SHB Paco Martínez 0-0: Ball
1-0: Called Strike
1-1: Ground out 4-3 (Groundball, 34)
Pitching: RHP Kosami Tagawa
Batting: RHB José Darias 0-0: Ball
1-0: Fly out, F9 (Flyball, 9)
Batting: LHB Jesús González 0-0: Called Strike
0-1: Called Strike
0-2: Ball
1-2: Strikes out swinging
Top of the 8th over - 0 run(s), 0 hit(s), 0 error(s), 0 left on base; Mile High 1 - Texarkana 3
BOTTOM OF THE 8TH
Texarkana Bears batting - Pitching for Mile High Broncos : LHP Jorge García
Batting: LHB Sam Barnes 0-0: SOLO HOME RUN (Line Drive, 9LD), Distance : 367 ft
Batting: LHB Tom Mullins 0-0: Ball
1-0: TRIPLE (Flyball, 89XD)
Batting: RHB Arturo Rodríguez 0-0: Intentional Walk
Batting: RHB Steve Garneys 0-0: SINGLE (Line Drive, 78M)
Tom Mullins scores
Arturo Rodríguez to second
Batting: LHB Cam Flowers 0-0: Foul Ball, location: 2F
0-1: Ball
1-1: Fly out, F9 (Line Drive, 89S)
Batting: LHB Guy Moss 0-0: Swinging Strike
0-1: Ball
1-1: Grounds into double play, 6-4-3 (Groundball, 6)
Bottom of the 8th over - 2 run(s), 3 hit(s), 0 error(s), 1 left on base; Mile High 1 - Texarkana 5
TOP OF THE 9TH
Mile High Broncos batting - Pitching for Texarkana Bears : RHP Kosami Tagawa
Batting: RHB Evan Robinson 0-0: Foul Ball, location: 2F
0-1: Ball
1-1: Foul Ball, location: 2F
1-2: Ball
2-2: Ball
3-2: Base on Balls
Batting: LHB Mark Everett 0-0: Ball
1-0: Foul Ball, location: 2F
1-1: Foul Ball, location: 2F
1-2: Fly out, F7 (Flyball, 7)
Batting: RHB Rodney González 0-0: Called Strike
0-1: Ball
1-1: Ball
2-1: Fly out, F5 (Line Drive, 5)
Batting: SHB Tom Stevens 0-0: Ball
1-0: Ball
2-0: Called Strike
2-1: Called Strike
2-2: Ball
3-2: Fly out, F9 (Flyball, 9LSF)
Top of the 9th over - 0 run(s), 0 hit(s), 0 error(s), 1 left on base; Mile High 1 - Texarkana 5
Tuesday, August 8th, 2017 - OOTP Baseball 17.12 Build 75